 Dungeon Crawl Stone Soup version 0.29-a0-451-gfbfa424 (webtiles) character file.

Game seed: 5802890051571992182

11433 Toastz the Spear-Bearer (level 11, -31/107 HPs)
             Began as a Minotaur Fighter on May 19, 2022.
             Was an Elder of Fedhas.
             Annihilated by a death yak simulacrum (39 damage)
             ... in an ice cave.
             The game lasted 00:26:48 (13539 turns).

Toastz the Spear-Bearer (Minotaur Fighter)         Turns: 13539, Time: 00:26:49

Health: -31/107    AC: 13    Str: 25    XL:     11   Next: 49%
Magic:  12/14      EV: 13    Int:  5    God:    Fedhas [****..]
Gold:   1364       SH:  5    Dex: 16    Spells: 10/10 levels left

rFire   . . .      SeeInvis .   b - +2 trident (vamp)
rCold   . . .      Faith    .   c - +0 buckler
rNeg    . . .      Spirit   .   o - +3 leather armour
rPois   +          Reflect  .   F - +2 hat
rElec   .          Harm     .   Q - +2 cloak
rCorr   .          Rampage  .   R - +0 pair of gloves
Will    .....                   (no boots)
Stlth   +.........              (no amulet)
HPRegen 0.27/turn               g - ring of poison resistance
MPRegen 0.14/turn               W - ring "Ampokaxt" {+Blink Dex+6}

@: no status effects
A: horns 2, retaliatory headbutt
a: Renounce Religion, Evoke Blink, Wall of Briars, Grow Ballistomycete, Overgrow


You were in an ice cave.
You worshipped Fedhas.
Fedhas was greatly pleased with you.
You visited 2 branches of the dungeon, and saw 12 of its levels.
You also visited: Ice Cave.

You collected 1384 gold pieces.
You spent 20 gold pieces at shops.

Inventory:

Hand Weapons
 a - a +0 vorpal trident
 b - a +2 vampiric trident (weapon)
 u - a +1 hunting sling of flaming
Missiles
 r - 17 poisoned darts
 P - a curare-tipped dart
 T - 2 javelins (quivered)
 U - 5 throwing nets
Armour
 c - a +0 buckler (worn)
 j - a scarf of resistance
 l - a +0 scale mail
 o - a +3 leather armour (worn)
 F - a +2 hat (worn)
 N - +0 steam dragon scales
 Q - a +2 cloak (worn)
 R - a +0 pair of gloves (worn)
Jewellery
 g - a ring of poison resistance (left hand)
 V - a ring of positive energy
 W - the ring "Ampokaxt" (right hand) {+Blink Dex+6}
   (You acquired it on level 10 of the Dungeon)

   [ring of dexterity]

   Dex:       It affects your dexterity (+6).
   +Blink:    It lets you blink.
Wands
 v - a wand of flame (42)
 H - a wand of paralysis (19)
 J - a wand of polymorph (15)
 L - a wand of charming (11)
 M - a wand of acid (6)
Scrolls
 e - a scroll of vulnerability {unknown}
 f - 2 scrolls of brand weapon
 h - 2 scrolls of blinking {unknown}
 m - 2 scrolls of poison
 n - 11 scrolls of teleportation
 p - 3 scrolls of amnesia
 t - a scroll of magic mapping
 y - 2 scrolls of fog
 z - 4 scrolls of immolation
 C - a scroll of noise {unknown}
 D - 2 scrolls of fear
 K - a scroll of enchant armour {unknown}
 S - a scroll of enchant weapon {unknown}
Potions
 d - 2 potions of might
 i - 2 potions of flight {unknown}
 k - 4 potions of brilliance
 q - 2 potions of attraction
 s - 2 potions of resistance
 w - 2 potions of cancellation {unknown}
 x - 3 potions of curing
 A - a potion of ambrosia {unknown}
 B - 2 potions of haste
 E - a potion of mutation {unknown}
 G - 2 potions of heal wounds {unknown}
 I - a potion of lignification {unknown}


   Skills:
 + Level 13.0 Fighting
 - Level 14.0 Polearms
 + Level 1.3 Throwing
 - Level 6.0 Armour
 - Level 4.0 Dodging
 - Level 5.0 Shields
 + Level 6.0 Invocations
 - Level 3.0 Evocations


You had 10 spell levels left.
You didn't know any spells.
Your spell library contained the following spells:

 Spells                   Type           Power      Damage    Failure   Level
 Ensorcelled Hibernation  Hex/Ice        0%         N/A       75%         2
 Passwall                 Tmut/Erth      0%         N/A       75%         2
 Scorch                   Fire           0%         2d5       75%         2
 Conjure Flame            Conj/Fire      0%         6-21      93%         3
 Gell's Gravitas          Tloc           0%         N/A       93%         3
 Ignite Poison            Fire/Tmut/Pois 0%         N/A       93%         3
 Lesser Beckoning         Tloc           0%         N/A       93%         3
 Swiftness                Air            0%         N/A       93%         3
 Teleport Other           Tloc           0%         N/A       93%         3
 Flame Wave               Conj/Fire      0%         2d4       100%        4
 Sticky Flame             Conj/Fire      0%         2d3       100%        4
 Summon Ice Beast         Ice/Summ       0%         N/A       100%        4
 Summon Mana Viper        Hex/Summ       0%         N/A       100%        5
 Summon Cactus Giant      Summ           0%         N/A       100%        6
 Monstrous Menagerie      Summ           0%         N/A       100%        7


Dungeon Overview and Level Annotations

Branches:
Dungeon (11/15)            Temple (0/1) D:5            Lair (1/6) D:10
    Orc (0/2) D:9           IceCv (1/1)

Altars:
Ashenzari
Cheibriados
Dithmenos
Fedhas
Gozag
Hepliaklqana
Kikubaaqudgha
Nemelex Xobeh
Qazlal
Sif Muna
Uskayaw
Yredelemnul
Zin
The Shining One

Shops:
D:7 !   D:10 (


Innate Abilities, Weirdness & Mutations

You have a pair of horns on your head.
You reflexively headbutt those who attack you in melee.


Message History

The harpy simulacrum claws your briar patch!
The harpy simulacrum freezes your briar patch!
The harpy simulacrum claws your briar patch.
Your briar patch is destroyed!
Your briar patch disappears in a puff of smoke!
The death yak simulacrum gores your briar patch!
The death yak simulacrum freezes your briar patch!!
Your briar patch is destroyed!
Your briar patch disappears in a puff of smoke!
The dire elephant simulacrum tramples you!
You stumble backwards!
You hit the dire elephant simulacrum but do no damage.
You headbutt the dire elephant simulacrum.
The dire elephant simulacrum is heavily damaged.
The harpy simulacrum is struck by your briar patch's thorns.
The harpy simulacrum vaporises!
Fedhas accepts your kill.
Your Invocations skill increases to level 6!
You puncture the dire elephant simulacrum!
The dire elephant simulacrum is severely damaged.
The dire elephant simulacrum tramples you!!
You hold your ground!
The dire elephant simulacrum trunk-slaps you!
The dire elephant simulacrum freezes you!!
* * * LOW HITPOINT WARNING * * *
Okay, then.
Okay, then.
Okay, then.
As you read the scroll of fear, it crumbles to dust.
You assume a fearsome visage.
The dire elephant simulacrum is unaffected.
The white ugly thing looks frightened!
The death yak simulacrum is unaffected.
The polar bear simulacrum is unaffected.
The polar bear simulacrum closely misses you. x2
The polar bear simulacrum claws you but does no damage.
The death yak simulacrum gores you!
* * * LOW HITPOINT WARNING * * *
The death yak simulacrum freezes you!!!
You die...
Fedhas appreciates your contribution to the ecosystem.

#...###
.......##
........##
.........##
..8.......#
?........u#
?[.....○∩∩#
).......PZ#
..8.....Z@#
........Z##
........##
.......##
#...###
####


You could see a white ugly thing (fleeing), a death yak simulacrum (ally
target), a dire elephant simulacrum and a polar bear simulacrum.

Vanquished Creatures
  Erica (D:7)
  2 two-headed ogres
  Pikel (D:5)
  A cyclops (D:8)
  Maurice (D:8)
  A cane toad (Lair:1)
  2 gargoyles
  A kobold demonologist (D:10)
  2 rime drakes (Lair:1)
  A troll (D:9)
  3 hornets
  3 wyverns
  6 yaks
  3 steam dragons
  A vampire mosquito (D:10)
  A sky beast (D:8)
  3 black bears
  2 ice beasts (D:8)
  3 orc warriors
  3 wolves (Lair:1)
  An ogre (D:6)
  5 centaurs
  3 kobold brigands
  3 lemures (D:5)
  5 bullfrogs
  A gnoll sergeant (D:9)
  2 necrophages
  3 scorpions
  A cane toad simulacrum (IceCv)
  9 wights
  3 howler monkeys (D:7)
  An electric eel (D:9)
  A hound (D:6)
  A jelly (D:6)
  9 orc priests
  A gnoll shaman (D:9)
  An iguana (D:6)
  6 orc wizards
  Robin (D:2)
  10 adders
  12 gnolls
  2 white imps
  An ufetubus (D:7)
  3 worms
  A dart slug (D:4)
  27 orcs
  6 ball pythons
  7 bats
  5 endoplasms
  24 goblins
  8 hobgoblins
  4 jackals (D:1)
  17 kobolds
  A quokka (D:3)
  3 training dummies (D:10)
  4 frilled lizards (D:1)
  4 rats
237 creatures vanquished.

Vanquished Creatures (collateral kills)
  A harpy simulacrum (IceCv)
1 creature vanquished.

Vanquished Creatures (others)
  A vampire mosquito (D:10)
1 creature vanquished.

Grand Total: 239 creatures vanquished

Notes
Turn   | Place    | Note
-------+----------+-------------------------------------------
     0 | D:1      | Toastz the Minotaur Fighter began the quest for the Orb.
     0 | D:1      | Reached XP level 1. HP: 19/19 MP: 0/0
    61 | D:1      | Reached XP level 2. HP: 22/27 MP: 1/1
   285 | D:1      | Reached skill level 3 in Polearms
   789 | D:2      | Noticed Robin
   795 | D:1      | Reached XP level 3. HP: 29/33 MP: 2/2
   983 | D:2      | Killed Robin
  1190 | D:2      | Reached XP level 4. HP: 40/41 MP: 3/3
  1290 | D:2      | Reached skill level 4 in Polearms
  2582 | D:3      | Reached XP level 5. HP: 38/47 MP: 4/4
  2669 | D:3      | Found a blossoming altar of Fedhas.
  2683 | D:3      | Became a worshipper of Fedhas Madash
  2962 | D:3      | Found a faded altar of an unknown god.
  3578 | D:4      | Found a shimmering blue altar of Sif Muna.
  3829 | D:4      | Noticed an angel
  3830 | D:4      | Found a glowing silver altar of Zin.
  3849 | D:4      | Reached skill level 5 in Polearms
  3921 | D:4      | Reached skill level 5 in Fighting
  3921 | D:4      | Reached skill level 5 in Shields
  4078 | D:5      | Entered Level 5 of the Dungeon
  4088 | D:4      | Reached XP level 6. HP: 27/56 MP: 5/5
  4257 | D:4      | Reached skill level 6 in Polearms
  4430 | D:4      | Reached * piety under Fedhas
  4532 | D:5      | Reached skill level 7 in Polearms
  4824 | D:5      | Reached XP level 7. HP: 40/61 MP: 6/6
  5064 | D:5      | Reached skill level 1 in Dodging
  5108 | D:5      | Found an ancient bone altar of Kikubaaqudgha.
  5142 | D:5      | Found a staircase to the Ecumenical Temple.
  5212 | D:5      | Found a basalt altar of Yredelemnul.
  5417 | D:6      | Noticed Pikel
  5629 | D:5      | Killed Pikel
  5630 | D:5      | Reached skill level 9 in Polearms
  5630 | D:5      | Reached XP level 8. HP: 39/73 MP: 7/7
  6104 | D:6      | Found a stormy altar of Qazlal.
  6135 | D:6      | You fall into a shaft and drop 1 floor!
  6151 | D:7      | Reached skill level 10 in Polearms
  6779 | D:7      | Reached ** piety under Fedhas
  6863 | D:7      | Reached skill level 11 in Polearms
  6863 | D:7      | Reached XP level 9. HP: 30/82 MP: 8/8
  6904 | D:7      | Reached skill level 1 in Invocations
  7882 | D:7      | Found a hide-covered altar of Uskayaw.
  7928 | D:7      | Found Uxkum's Distillery.
  7999 | D:7      | Found an opulent altar of Gozag.
  7999 | D:7      | Found a snail-covered altar of Cheibriados.
  8157 | D:8      | Noticed Erica
  8551 | D:7      | Killed Erica
  8552 | D:7      | Reached skill level 12 in Polearms
  8726 | D:8      | Noticed a cyclops
  8760 | D:8      | Killed a cyclops
  8833 | D:8      | Reached skill level 13 in Polearms
  8933 | D:8      | Reached XP level 10. HP: 88/93 MP: 11/11
  8991 | D:8      | Reached skill level 10 in Fighting
  9297 | D:8      | Noticed Maurice
  9308 | D:8      | Killed Maurice
  9323 | D:8      | Reached skill level 1 in Evocations
  9537 | D:8      | Found a broken altar of Ashenzari.
  9665 | D:8      | Found a sparkling altar of Nemelex Xobeh.
 10060 | D:9      | Noticed a two-headed ogre
 10075 | D:9      | Killed a two-headed ogre
 10076 | D:9      | Reached skill level 14 in Polearms
 10231 | D:9      | Reached *** piety under Fedhas
 10264 | D:9      | Paralysed by a hornet for 2 turns
 10522 | D:9      | Reached skill level 5 in Armour
 10751 | D:9      | Found a shadowy altar of Dithmenos.
 11227 | D:9      | Found a staircase to the Orcish Mines.
 11364 | D:9      | Noticed a gargoyle
 11365 | D:9      | Found a hazy altar of Hepliaklqana.
 11381 | D:9      | Killed a gargoyle
 11624 | D:9      | Found a faded altar of an unknown god.
 11851 | D:10     | Entered Level 10 of the Dungeon
 12001 | D:10     | Reached XP level 11. HP: 75/104 MP: 13/13
 12177 | D:10     | Found a glowing golden altar of the Shining One.
 12197 | D:10     | Reached **** piety under Fedhas
 12247 | D:10     | Found a staircase to the Lair.
 12666 | D:10     | Found Tyiruteq's Firing Range.
 12823 | D:10     | Bought 2 javelins for 20 gold pieces
 12931 | D:10     | Identified 3 scrolls of acquirement
 12932 | D:10     | Acquired a scarf of resistance
 12934 | D:10     | Acquired the ring "Ampokaxt" {+Blink Dex+6}
 12938 | D:10     | Acquired 711 gold pieces
 13109 | D:11     | Noticed a two-headed ogre
 13116 | D:11     | Killed a two-headed ogre
 13275 | Lair:1   | Entered Level 1 of the Lair of Beasts
 13293 | Lair:1   | Reached skill level 5 in Invocations
 13405 | Lair:1   | Found a frozen archway.
 13424 | Lair:1   | Reached skill level 1 in Throwing
 13527 | IceCv    | Entered an ice cave
 13527 | IceCv    | Noticed a white ugly thing
 13539 | IceCv    | Annihilated by a death yak simulacrum

Illustrated notes

Levels and vault maps discovered:
D:1:      onia_arrival_pentagram, layout_basic
D:2:      layout_basic, chequers_mini_garden, st_stairs_7,
          chequers_serial_rivers_micro_b, kennysheep_pointless_box,
          minmay_fractal_squares_5, uniq_robin
D:3:      layout_basic, mainiacjoe_overflow_concentric_impassable,
          ebering_ecumenical_altar_box, guppyfry_early_lair_pool
D:4:      layout_gridville, kennysheep_orc_sif_temple, zin_angel,
          nicolae_concentric_dashed_squares_wild, kennysheep_generic_room_11
D:5:      layout_rooms, marbit_many_paths, mainiacjoe_overflow_alcove_2,
          minmay_temple_entry_junction_2
D:6:      layout_loops_ring, nicolae_qazlal_general_emergency, uniq_pikel
D:7:      layout_loops_ring, mainiacjoe_overflow_small_starburst,
          nicolae_overflow_hidden_temple, serial_shops, nicolae_shop_trees
D:8:      layout_rooms, lemuel_coloured_pillars_altar, lemuel_tele_altar,
          minmay_fractal_squares_diagonal_5, uniq_erica, uniq_maurice
D:9:      layout_long_grid, nicolae_dithmenos_shadow_blocks,
          beargit_hepliaklqana_dungeon_heroes, orc_0_dummy,
          amcnicky_mini_pool_medium
D:10:     layout_roguey, mainiacjoe_overflow_tiny_flanked, lair_entry_dummy,
          nrook_uturn, nicolae_shop_firing_range
D:11:     layout_irregular_city
Lair:1:   layout_cave_pods, portal_ice_cave_rime
IceCv:    ice_cave_statue_garden_transporter

Skill      XL: |  1  2  3  4  5  6  7  8  9 10 11 |
---------------+----------------------------------+-----
Fighting       | 4 5 6 7 8 9 12 13 | 13.0
Shields        | 4 5 |  5.0
Polearms       | 3 4 5 7 9 11 13 14 | 14.0
Dodging        | 2 3 4 |  4.0
Invocations    | 3 4 6 |  6.0
Evocations     | 3 |  3.0
Armour         | 5 6 |  6.0
Throwing       | 1 |  1.3

Action                   |  1- 3 |  4- 6 |  7- 9 | 10-12 || total
-------------------------+-------+-------+-------+-------++-------
Melee: Trident           |   102 |   147 |   242 |   373 ||   864
       Headbutt          |    15 |    17 |    33 |    54 ||   119
 Fire: Hunting sling     |       |    25 |    11 |       ||    36
Throw: Stone             |       |    15 |    32 |     5 ||    52
       Javelin           |       |       |       |     1 ||     1
Invok: Wall of Briars    |       |       |     1 |     2 ||     3
Evoke: Wand              |       |       |       |     6 ||     6
  Use: Scroll            |       |     7 |     1 |    12 ||    20
       Potion            |       |       |     2 |       ||     2
 Stab: Distracted        |       |     1 |       |       ||     1
       Sleeping          |       |     1 |       |       ||     1
Armor: Scale mail        |    57 |    11 |       |       ||    68
       Leather armour    |       |    24 |    48 |    83 ||   155
Dodge: Dodged            |    48 |    48 |    81 |   111 ||   288
Block: Buckler           |    26 |    27 |    32 |    43 ||   128

Table legend: (Time is in decaauts)
 A = Elapsed time spent in this place.
 B = Non-inter-level travel time spent in this place.
 C = Inter-level travel time spent in this place.
 D = Time resting spent in this place.
 E = Time spent auto-exploring this place.
 F = Levels seen in this place.
 G = Mean time per level.
                   A        B        C        D        E       F      G
               +--------+--------+--------+--------+--------+-----+--------+
         Total |  13416 |  12852 |    564 |   3428 |   7599 |  13 | 1032.0 |
       Dungeon |  13184 |  12620 |    564 |   3329 |   7599 |  11 | 1198.5 |
          Lair |    222 |    222 |      0 |     99 |      0 |   1 |  222.0 |
      Ice Cave |      9 |      9 |      0 |      0 |      0 |   1 |    9.0 |
               +--------+--------+--------+--------+--------+-----+--------+

Top non-repeatable levels by time:
     D:9: 1788 daAuts
     D:7: 1537 daAuts
     D:2: 1525 daAuts
     D:6: 1403 daAuts
    D:10: 1316 daAuts
     D:5: 1260 daAuts
     D:8: 1235 daAuts
     D:4: 1079 daAuts
     D:1: 1004 daAuts
     D:3: 957 daAuts
  Lair:1: 222 daAuts
    D:11: 75 daAuts
   IceCv: 9 daAuts
